 Dungeon Crawl Stone Soup version 0.23.2-1-ga50397a6bc (webtiles) character file.

Game seed: 8451906639707507009

2149 Peloso the Protected (level 9, -1/78 HPs)
             Began as a Minotaur Fighter on May 16, 2019.
             Was a Believer of Okawaru.
             Succumbed to a hornet's poison
             ... on level 7 of the Dungeon.
             The game lasted 00:11:56 (6158 turns).

Peloso the Protected (Minotaur Fighter)             Turns: 6158, Time: 00:11:56

Health: -1/78      AC: 12    Str: 23    XL:     9   Next: 10%
Magic:  8/8        EV:  8    Int:  5    God:    Okawaru [**....]
Gold:   308        SH: 12    Dex: 11    Spells: 8/8 levels left

rFire    + . .     SeeInvis .   a - +1 long sword
rCold    x . .     Gourm    .   c - +1 shield
rNeg     . . .     Faith    .   m - +0 chain mail (curse)
rPois    .         Spirit   .   (helmet restricted)
rElec    .         Reflect  .   E - +0 cloak
rCorr    .         Harm     .   (no gloves)
MR       .....                  (no boots)
Stlth    ..........             C - amulet of the acrobat
HPRegen  0.23/turn              u - ring of fire
MPRegen  0.11/turn              (no ring)

@: lethally poisoned (-1 -> -23), slowed, lightly drained, very slow
A: retaliatory headbutt, horns 2
a: Heroism, Renounce Religion


You were on level 7 of the Dungeon.
You worshipped Okawaru.
Okawaru was pleased with you.
You were hungry.

You visited 2 branches of the dungeon, and saw 8 of its levels.

You collected 393 gold pieces.
You spent 85 gold pieces at shops.

Inventory:

Hand Weapons
 a - a +1 long sword (weapon)
Armour
 b - a +0 scale mail
 c - a +1 shield (worn)
 m - a cursed +0 chain mail (worn)
 E - a +0 cloak (worn)
Jewellery
 u - a ring of fire (left hand)
 C - an amulet of the acrobat (around neck)
 I - an uncursed amulet of magic regeneration {unknown}
Wands
 j - a wand of flame (20)
 p - a wand of random effects (19)
 D - a wand of iceblast (9)
Scrolls
 e - 2 scrolls of enchant armour
 g - 2 scrolls of teleportation
 h - 2 scrolls of magic mapping
 l - 2 scrolls of enchant weapon
 q - 4 scrolls of fear
 s - 2 scrolls of noise
 v - a scroll of immolation {unknown}
 w - 3 scrolls of amnesia {unknown}
 x - 4 scrolls of remove curse
 y - a scroll of holy word {unknown}
 A - 2 scrolls of identify
Potions
 d - a potion of might
 i - 2 potions of agility
 k - 4 potions of curing
 n - 2 potions of heal wounds
 o - a potion of haste
 r - a potion of brilliance
 t - a potion of resistance {unknown}
 z - a potion of flight
 B - a potion of mutation {unknown}
 F - a potion of lignification {unknown}
 G - a potion of degeneration {unknown}
Comestibles
 f - 11 rations


   Skills:
 + Level 6.5 Fighting
 + Level 8.4(8.3) Long Blades
 + Level 8.4(8.3) Armour
 + Level 2.6(2.5) Dodging
 + Level 0.3 Stealth
 + Level 7.5(7.4) Shields


You had 8 spell levels left.
You didn't know any spells.
Your spell library contained the following spells:

 Spells                   Type           Power        Failure   Level  Hunger
 Magic Dart               Conj           #...         100%        1    ##.....
 Searing Ray              Conj           #.....       100%        2    ###....
 Dazzling Spray           Conj/Hex       #.....       100%        3    ####...
 Force Lance              Conj/Tloc      #.......     100%        4    #####..
 Fulminant Prism          Conj/Hex       #.........   100%        4    #####..
 Iskenderun's Mystic Bla  Conj           #.......     100%        4    #####..


Dungeon Overview and Level Annotations

Branches:
Dungeon (7/15)             Temple (1/1) D:5

Altars:
Ashenzari
Cheibriados
Fedhas
Gozag
Kikubaaqudgha
Makhleb
Nemelex Xobeh
Okawaru
Qazlal
Sif Muna
Trog
Uskayaw
Xom

Shops:
D:4 *


Innate Abilities, Weirdness & Mutations

You reflexively headbutt those who attack you in melee.
You have a pair of horns on your head.


Message History

The hornet stings you but does no damage.
Unknown command.
You barely miss the hornet.
The hornet is heavily wounded.
You feel very sick. The hornet stings you!
You feel as though you will be slow longer.
The hornet stings you.
* * * LOW HITPOINT WARNING * * *
You suddenly lose the ability to move!
The hornet stings you!
* * * LOW HITPOINT WARNING * * *
You feel as though you will be slow longer.
* * * LOW HITPOINT WARNING * * *
You feel sick. The hornet stings you!
* * * LOW HITPOINT WARNING * * *
You feel as though you will be slow longer.
You can move again.
You miss the hornet.
The hornet is moderately wounded.
You die...

# #### ..#...# #########
.......## #.......# ........#
#####.......# .......y#
##...........#
.......@###..###.......#
.......................#
..#.....#..#..##.......#
#....#.###..........(### ..
....... #........##.... ..######
#....#####........#.....
.##....###.................#.##..
.##.......[...###......).........
........# ###.# #............###.


You could see a hornet.

Vanquished Creatures
  Duvessa (D:5)
  A black bear (D:7)
  A sky beast (D:6)
  An ogre (D:7)
  4 bullfrogs
  Dowan (D:5)
  2 scorpions
  4 wights (D:7)
  A howler monkey (D:6)
  A crimson imp (D:6)
  A centaur skeleton (D:7)
  5 orc priests
  4 hounds
  2 jellies
  4 orc wizards
  Jessica (D:2)
  A bullfrog skeleton (D:6)
  2 iguanas
  Natasha (thrice) (D:3)
  6 worker ants
  A killer bee zombie (D:7)
  13 adders
  3 gnolls (D:3)
  4 oozes
  3 worms
  A dart slug (D:1)
  6 leopard geckos
  19 orcs
  2 ball pythons
  14 bats
  4 giant cockroaches
  11 goblins
  8 hobgoblins
  7 jackals
  4 quokkas
  5 frilled lizards
  A jackal skeleton (D:4)
  7 kobolds
  A quokka skeleton (D:4)
  26 rats
186 creatures vanquished.

Notes
Turn   | Place    | Note
-------+----------+-------------------------------------------
     0 | D:1      | Peloso the Minotaur Fighter began the quest for the Orb.
     0 | D:1      | Reached XP level 1. HP: 19/19 MP: 0/0
   121 | D:1      | Reached XP level 2. HP: 18/27 MP: 1/1
   393 | D:1      | Reached XP level 3. HP: 33/33 MP: 2/2
   607 | D:2      | Noticed a +0 dagger
   608 | D:2      | Found a hide-covered altar of Uskayaw.
   608 | D:2      | Noticed a +0 dagger
   618 | D:2      | Noticed Jessica
   628 | D:2      | Killed Jessica
   647 | D:2      | Reached XP level 4. HP: 16/41 MP: 3/3
  1687 | D:3      | Reached skill level 1 in Dodging
  1687 | D:3      | Reached XP level 5. HP: 47/47 MP: 4/4
  1743 | D:3      | HP: 2/47 [poisoned by a kobold]
  1997 | D:3      | Noticed Natasha
  2002 | D:3      | Killed Natasha
  2013 | D:3      | Reached skill level 5 in Armour
  2022 | D:3      | Reached skill level 5 in Shields
  2022 | D:3      | Reached XP level 6. HP: 12/55 MP: 5/5
  2105 | D:3      | Noticed Natasha
  2115 | D:3      | Killed Natasha
  2434 | D:3      | Reached skill level 5 in Fighting
  2650 | D:3      | Noticed Natasha
  2658 | D:3      | Killed Natasha
  2692 | D:3      | Found a bloodstained altar of Trog.
  2849 | D:4      | Found Zoothroig's General Store.
  2857 | D:4      | Bought a scroll of enchant armour for 75 gold pieces
  2857 | D:4      | Bought a scroll of noise for 10 gold pieces
  2883 | D:4      | Found a shimmering altar of Xom.
  2915 | D:3      | Reached skill level 5 in Long Blades
  3141 | D:4      | Reached XP level 7. HP: 56/61 MP: 6/6
  3345 | D:4      | Found a stormy altar of Qazlal.
  3648 | D:4      | Found a blossoming altar of Fedhas.
  3739 | D:4      | Found an ancient bone altar of Kikubaaqudgha.
  3880 | D:4      | Found a sparkling altar of Nemelex Xobeh.
  3881 | D:4      | Found an opulent altar of Gozag.
  3949 | D:5      | Entered Level 5 of the Dungeon
  4082 | D:5      | Found a staircase to the Ecumenical Temple.
  4149 | Temple   | Entered the Ecumenical Temple
  4181 | Temple   | Became a worshipper of Warmaster Okawaru
  4229 | D:5      | Noticed Duvessa
  4229 | D:5      | Noticed Dowan
  4244 | D:5      | Killed Duvessa
  4260 | D:5      | Killed Dowan
  4817 | D:6      | Found a shattered altar of Ashenzari.
  4846 | D:5      | Reached XP level 8. HP: 31/70 MP: 7/7
  5042 | D:5      | Reached * piety under Okawaru
  5202 | D:6      | Found a snail-covered altar of Cheibriados.
  5737 | D:7      | Reached ** piety under Okawaru
  5907 | D:7      | Reached XP level 9. HP: 56/78 MP: 8/8
  6032 | D:7      | Found a deep blue altar of Sif Muna.
  6151 | D:7      | Paralysed by a hornet for 2 turns
  6156 | D:7      | Paralysed by a hornet for 2 turns
  6157 | D:7      | HP: 1/78 [hornet (9)]
  6158 | D:7      | Succumbed to a hornet's poison

Skill      XL: |  1  2  3  4  5  6  7  8 |
---------------+-------------------------+-----
Shields        | 4 5 6 7 |  7.5
Armour         | 4 5 7 8 |  8.4
Fighting       | 4 5 6 |  6.5
Long Blades    | 3 4 5 6 8 |  8.4
Dodging        | 1 2 |  2.6
Stealth        | |  0.3

Action                   |  1- 3 |  4- 6 |  7- 9 || total
-------------------------+-------+-------+-------++-------
Melee: Long sword        |    75 |   194 |   242 ||   511
       Headbutt          |    14 |    32 |    57 ||   103
  Use: Scroll            |       |     9 |     2 ||    11
       Potion            |       |     2 |       ||     2
  Eat: Chunk             |       |     8 |     9 ||    17
Armor: Scale mail        |    38 |    27 |       ||    65
       Chain mail        |       |    79 |    99 ||   178
Dodge: Dodged            |    23 |    64 |    49 ||   136
Block: Shield            |    35 |   158 |   144 ||   337
       Rpst.: Long sword |     5 |    15 |    23 ||    43
